 Dungeon Crawl Stone Soup version 0.29.1-15-g9cfb28693d (webtiles) character file.

Game seed: 1065773984944282092

213 hawla the Firebug (level 6, 0/45 HPs)
             Began as a Meteoran Fire Elementalist on Mar 18, 2023.
             Slain by a gnoll bouda
             ... wielding a +0 club
              (1 damage)
             ... on level 4 of the Dungeon on Mar 19, 2023.
             The game lasted 00:05:07 (481 turns).

hawla the Firebug (Meteoran Fire Elementalist)       Turns: 481, Time: 00:05:07

Health: 0/45       AC:  4    Str:  9    XL:     6   Next: 37%
Magic:  0/14       EV: 13    Int: 19    God:
Gold:   41         SH:  0    Dex: 15    Spells: 11/14 levels left

rFire   . . .      SeeInvis .   i - +0 great sword
rCold   . . .      Faith    .   (shield currently unavailable)
rNeg    . . .      Spirit   .   a - +0 robe
rPois   .          Reflect  .   e - +1 helmet
rElec   .          Harm     .   (no cloak)
rCorr   .          Rampage  .   (no gloves)
Will    .....                   (no boots)
Stlth   +.........              (no amulet)
HPRegen 0.15/turn               (no ring)
MPRegen 0.14/turn               (no ring)

@: glowing
A: sense surroundings 1, otherworldly, glowing, explore regen
a: no special abilities


You were on level 4 of the Dungeon.
You visited 1 branch of the dungeon, and saw 4 of its levels.

You collected 41 gold pieces.

Inventory:

Hand Weapons
 i - a +0 great sword (weapon)
Armour
 a - a +0 robe (worn)
 e - a +1 helmet (worn)
Scrolls
 c - 2 scrolls of identify {unknown}
 g - a scroll of butterflies {unknown}
 h - a scroll of acquirement {unknown}
 j - a scroll of vulnerability {unknown}
 k - a scroll of poison {unknown}
 l - a scroll of amnesia {unknown}
 m - a scroll of teleportation {unknown}
Potions
 b - a potion of cancellation
 f - 2 potions of attraction
 n - a potion of resistance {unknown}


   Skills:
 + Level 1.1 Long Blades
 + Level 3.0 Dodging
 - Level 1.4 Stealth
 + Level 4.9 Spellcasting
 + Level 2.4 Conjurations
 + Level 5.4 Fire Magic


You had 11 spell levels left.
You knew the following spells:

 Your Spells              Type           Power      Damage    Failure   Level
a - Foxfire               Conj/Fire      76%        2x1d7     2%          1
b - Scorch                Fire           50%        2d8       1%          2

Your spell library contained the following spells:

 Spells                   Type           Power      Damage    Failure   Level
 Conjure Flame            Conj/Fire      19%        6-21      8%          3
 Inner Flame              Hex/Fire       15%        N/A       12%         3
 Flame Wave               Conj/Fire      19%        2d7       24%         4


Dungeon Overview and Level Annotations

Branches:
Dungeon (4/15) Zot: 1907
 Temple: D:4-7

Altars:


Innate Abilities, Weirdness & Mutations

You passively map a small area around you.
You are easily found by Zot.
You glow in the dark.
You regain HP and MP as you explore.


Message History

Casting: Foxfire (safe; 2% risk of failure)
Confirm with . or Enter, or press ? or * to list all spells.
Flames lash the gnoll.
The gnoll is severely wounded.
The gnoll's fire resistance burns away.
The foxfire hits the gnoll bouda but does no damage.
The gnoll bouda is moderately wounded.
The foxfire hits the gnoll bouda.
The gnoll bouda is heavily wounded.
The gnoll hits you from afar with a +0 spear.
The gnoll bouda gazes fiercely through you!
You feel as though you will be weak longer.
The gnoll bouda hits you with a +0 club.
* * * LOW HITPOINT WARNING * * *
Casting: Scorch (safe; 1% risk of failure)
Confirm with . or Enter, or press ? or * to list all spells.
You conjure some foxfire!
The gnoll hits you from afar with a +0 spear.
* * * LOW HITPOINT WARNING * * *
The gnoll bouda hits you with a +0 club.
* * * LOW HITPOINT WARNING * * *
Really quaff the potion of lignification?
You turn into a tree.
Your +1 helmet melds into your body.
Your +0 robe melds into your body.
Your roots penetrate the ground.
The foxfire hits the gnoll bouda.
The gnoll bouda is heavily wounded.
The foxfire hits the gnoll bouda.
The gnoll bouda is severely wounded.
The gnoll hits you but does no damage.
The gnoll bouda hits you but does no damage.
It was a potion of cancellation.
Your magical effects are unravelling.
You feel magically purged.
You feel less wooden.
Your +1 helmet unmelds from your body.
Your +0 robe unmelds from your body.
Your attacks no longer feel as feeble.
The gnoll hits you from afar with a +0 spear.
* * * LOW HITPOINT WARNING * * *
The gnoll bouda hits you with a +0 club.
You die...

, , .. * #.# #..#
######,*
#g...#.#.#..# .<...#
*,###..##.#.#..#
#.##.#,
..........#..# #..#
,* ###..##.###..#
##.# #
.....)...<#..# ##.#
* ###.###.g##.###<.#
...#
#.....g..##.####.#
#### #.#
##@).##......# #
#.#.##ยง..#########
# *<# #.#......# #
#.# #.#####..#
####.######.# #..#
##..........# ##..#
#...........####...#
#...........##...#.#
#..............###.#


You could see a gnoll bouda and a gnoll (combustible).

Vanquished Creatures
  A scorpion (D:4)
  An orc priest (D:4)
  An iguana (D:4)
  3 gnolls (D:4)
  4 adders (D:4)
  2 dart slugs (D:3)
  5 orcs
  2 ball pythons (D:3)
  A bat (D:3)
  An endoplasm (D:3)
  A giant cockroach (D:3)
  2 goblins (D:3)
  A hobgoblin (D:3)
  A frilled lizard (D:2)
  2 kobolds
  A rat (D:3)
29 creatures vanquished.

Vanquished Creatures (others)
  81 foxfires
81 creatures vanquished.

Grand Total: 110 creatures vanquished

Notes
Turn   | Place    | Note
-------+----------+-------------------------------------------
     0 | D:1      | hawla the Meteoran Fire Elementalist began the quest for
                  | the Orb.
     0 | D:1      | Reached XP level 1. HP: 14/14 MP: 5/5
   132 | D:3      | Reached XP level 2. HP: 20/20 MP: 5/7
   135 | D:3      | Learned a level 2 spell: Scorch
   164 | D:3      | Reached skill level 4 in Fire Magic
   205 | D:3      | Reached XP level 3. HP: 26/26 MP: 0/8
   372 | D:4      | Reached XP level 4. HP: 33/33 MP: 4/10
   391 | D:4      | Noticed a scorpion
   397 | D:4      | Killed a scorpion
   398 | D:4      | Reached skill level 5 in Fire Magic
   398 | D:4      | Reached XP level 5. HP: 16/38 MP: 2/12
   401 | D:4      | HP: 2/57 [orc priest/+0 flail (6)]
   405 | D:4      | Reached XP level 6. HP: 3/45 MP: 10/14
   470 | D:4      | Reached skill level 1 in Long Blades
   481 | D:4      | HP: 1/45 [gnoll/+0 spear[a gnoll bouda] (5)]
   481 | D:4      | Slain by a gnoll bouda

Illustrated notes

Levels and vault maps discovered:
D:1:      ldierk_walled_garden_2, layout_loops_ring,
          hellmonk_ecumenical_altar_heavens_door, minmay_misc_feat_room,
          hex_medium, minmay_pentomino_o4
D:2:      layout_loops_corners
D:3:      layout_rooms, mainiacjoe_overflow_alcove_1
D:4:      layout_basic, minmay_shop_enchanted_jewellery

Skill      XL: |  1  2  3  4  5  6 |
---------------+-------------------+-----
Spellcasting   | 3 4 |  4.9
Fire Magic     | 4 5 |  5.4
Dodging        | 3 |  3.0
Conjurations   | 2 |  2.4
Long Blades    | 1 |  1.1
Stealth        | |  1.4

Action                   |  1- 3 |  4- 6 || total
-------------------------+-------+-------++-------
Melee: Unarmed           |     2 |       ||     2
       Great sword       |     5 |     4 ||     9
 Cast: Foxfire           |    24 |    20 ||    44
       Scorch            |     4 |     6 ||    10
  Use: Potion            |       |     5 ||     5
Armor: Robe              |     5 |     2 ||     7
       Skin              |       |    23 ||    23
Dodge: Dodged            |    13 |     5 ||    18
